 Dungeon Crawl Stone Soup version 0.21-a0-142-gdd972a7 (webtiles) character file.

91 Gorglomux the Skirmisher (level 4, -1/41 HPs)
             Began as a Hill Orc Wizard on July 23, 2017.
             Slain by a gnoll
             ... wielding a +0 flail
              (11 damage)
             ... on level 2 of the Dungeon.
             The game lasted 00:04:00 (2225 turns).

Gorglomux the Skirmisher (Hill Orc Wizard)          Turns: 2225, Time: 00:04:00

Health: -1/41      AC:  3    Str: 10    XL:     4   Next: 57%
Magic:  1/7        EV: 12    Int: 18    God:
Gold:   50         SH:  0    Dex:  9    Spells: 4/7 levels left

rFire    . . .     SeeInvis .   r - +0 dagger (venom)
rCold    . . .     Gourm    .   (no shield)
rNeg     . . .     Faith    .   a - +0 robe
rPois    .         Spirit   .   g - +0 helmet
rElec    .         Reflect  .   (no cloak)
rCorr    .         Harm     .   (no gloves)
MR       .....                  (no boots)
Stlth    +.........             (no amulet)
HPRegen  0.13/turn              (no ring)
MPRegen  0.10/turn              (no ring)

@: drained
A: no striking features
a: no special abilities


You were on level 2 of the Dungeon.
You were hungry.

You visited 1 branch of the dungeon, and saw 2 of its levels.

You collected 50 gold pieces.

Inventory:

Hand Weapons
 h - a +0 whip
 r - a +0 dagger of venom (weapon)
Missiles
 n - 7 javelins (quivered)
Armour
 a - a +0 robe (worn)
 b - a +0 hat
 g - a +0 helmet (worn)
Scrolls
 f - 3 scrolls of identify {unknown}
 o - a scroll of blinking {unknown}
 p - a scroll of magic mapping {unknown}
Potions
 e - 2 potions of curing {unknown}
 i - 2 potions of heal wounds {unknown}
 k - a potion of invisibility {unknown}
 l - a potion of magic {unknown}
 s - a potion of lignification {unknown}
 w - a potion of berserk rage {unknown}
Books
 c - a book of Minor Magic

   Spells                             Type                      Level
   a - Magic Dart                     Conjuration                  1
   b - Blink                          Translocation                2
   c - Call Imp                       Summoning                    2
   d - Slow                           Hexes                        2
   e - Conjure Flame                  Conjuration/Fire             3
   f - Mephitic Cloud                 Conjuration/Poison/Air       3
Comestibles
 d - a bread ration
 u - a royal jelly
 v - a chunk of flesh


   Skills:
 + Level 4.8(4.6) Fighting
 - Level 1.5(1.3) Dodging
 - Level 1.5(1.3) Stealth
 - Level 2.4(2.2) Spellcasting
 - Level 1.0(0.8) Conjurations
 - Level 1.0(0.8) Summonings
   Level 0.7(0.5) Translocations


You had 4 spell levels left.
You knew the following spells:

 Your Spells              Type           Power        Failure   Level  Hunger
a - Magic Dart            Conj           #...         13%         1    #......
b - Call Imp              Summ           #.......     19%         2    ##.....


Dungeon Overview and Level Annotations

Branches:
Dungeon (2/15)

Altars:


Message History

You stick the gnoll but do no damage!
The gnoll looks as butt as possible!!!
The gnoll butts lightly wounded!
The gnoll hits butt with a flail of pain!
You writhe in agony!
Your crimson imp blinks!!!
You spit the gnoll but do no damage!
The gnoll butts as sick as possible!!!
The gnoll is moderately wounded!
The gnoll completely misses you!
You closely miss the gnoll!
The gnoll is heavily wounded!
The gnoll hits you with a flail of pain!
You barely miss the gnoll!
The gnoll is almost dead!
You annihilate the gnoll!!!
Your crimson imp blinks!!!
You barely miss the gnoll!
The gnoll hits you with a flail!!! * * * don't die
* * * Your crimson butt blinks!!!
You closely miss the gnoll! The gnoll hits you with a flail!!! rip

########..###.#########.#........
#........#.........#...).g##
#........################.#
#........# #.# #........#
#############.# #........#
#...5..)......# ###'###..#
#.#.....####### #.#
#..####...ยง....#
###'####>.5@g........#######
#.[..# ######.#.##...#......
#....# #................
#....##########..###.#......
#................# #.#......
###....##########..###.#......
#......# #......#......
####.#....# #...##########
.....##..## #...#


You could see a gnoll, a friendly crimson imp and a friendly white imp.

Vanquished Creatures
  3 gnolls (D:2)
  An adder (D:2)
  An ooze (D:1)
  2 worms (D:2)
  A leopard gecko (D:2)
  9 goblins
  8 hobgoblins
  4 kobolds
  7 bats
  2 frilled lizards (D:1)
  7 rats
45 creatures vanquished.

Notes
Turn   | Place    | Note
-------+----------+-------------------------------------------
     0 | D:1      | Gorglomux the Hill Orc Wizard began the quest for the Orb.
     0 | D:1      | Reached XP level 1. HP: 14/14 MP: 3/3
   105 | D:1      | Reached skill level 1 in Fighting
   343 | D:1      | Reached skill level 2 in Fighting
   343 | D:1      | Reached XP level 2. HP: 15/24 MP: 3/5
   982 | D:1      | Reached skill level 3 in Fighting
   982 | D:1      | Reached XP level 3. HP: 30/31 MP: 1/6
  1034 | D:1      | Learned a level 2 spell: Call Imp
  1819 | D:2      | Reached skill level 4 in Fighting
  1869 | D:2      | Reached XP level 4. HP: 25/40 MP: 5/7
  2225 | D:2      | Slain by a gnoll

Vault maps used:
D:1:      co_arrival_random_square_maze

Skill      XL: |  1  2  3 |
---------------+----------+-----
Fighting       | 2 3 4 |  4.8
Dodging        | |  1.5
Stealth        | |  1.5
Spellcasting   | |  2.4
Conjurations   | |  1.0
Summonings     | |  1.0
Translocations | |  0.7

Action                   |  1- 3 |  4- 6 || total
-------------------------+-------+-------++-------
Melee: Unarmed           |    17 |       ||    17
       Whip              |    52 |       ||    52
       Dagger            |    44 |    14 ||    58
 Cast: Magic Dart        |    32 |     3 ||    35
       Call Imp          |     1 |     4 ||     5
 Stab: Sleeping          |     1 |     1 ||     2
  Eat: Chunk             |     3 |     1 ||     4
Armor: Robe              |    36 |     2 ||    38
Dodge: Dodged            |    74 |     9 ||    83
